[Event "Kwalificatie NJK A Groningen"]
[Site "Hoogkerk, Netherlands"]
[Date "2023.02.19"]
[Round "6.7"]
[White "Nitrauw, Peter"]
[Black "Adams, Oscar"]
[Result "0-1"]
[TimeControl "55 min. + 10 sec./zet"]
[WhiteElo "1763"]
[BlackElo "1729"]

1. d4 f5 2. Nf3 Nf6 3. Bf4 c5 4. e3 cxd4 5. exd4 e6 6. Nbd2 Be7 7. h3 b6 8. Be2 Bb7 9. O-O O-O 10.
c3 Ne4 11. Ne5 d6 12. Nef3 Qe8 13. Bh2 Nd7 14. Nxe4 fxe4 15. Nd2 Qg6 16. Nc4 d5 17. Ne5 Nxe5 18. Bxe5 Bf6 19. Bd6 Rfd8 20.
Bc7 Rd7 21. Bf4 Bg5 22. Bh5 Qh6 23. Be5 Rf8 24. Bg4 Ba6 25. Be2 Bc8 26. Bg4 Rdf7 27. Bd6 Rd8 28. Be5 Bf4 29. Bxf4 Qxf4 30.
Qc1 Qf6 31. Qe3 Rdf8 32. Bh5 g6 33. Be2 Qh4 34. Rad1 g5 35. g3 Qxh3 36. Qxg5+ Rg7 37. Qh5 Qf5 38. Kg2 Rg5 39. Qh4 Kh8 40.
Qh6 Rfg8 41. Rh1 e3 42. Bf3 Rf8 43. Kf1 e2+ 44. Kxe2 Qxf3+ 45. Kd2 Qxf2+ 46. Kc1 Qe3+ 47. Kb1 Qe4+ 48.
Ka1 Qf5 49. g4 Rxg4 50. Rh5 Qf7 51.
a3 Ba6 52. Rh3 Bc4 53. Re1 Rg6 54. Qh5 Rg1 55. Rxg1 Qf1+ 56. Qd1 Qxh3 0-1

[Event "Kwalificatie NJK A Groningen"]
[Site "Hoogkerk, Netherlands"]
[Date "2023.02.19"]
[Round "6.8"]
[White "Aarts, Joaquin"]
[Black "De Vries, Arjan"]
[Result "0-1"]
[TimeControl "55 min. + 10 sec./zet"]
[WhiteElo "1804"]
[BlackElo "1645"]

1. d4 d5 2. c4 c5 3.
cxd5 Qxd5 4. Nf3 cxd4 5. Nc3 Qd8 6. Nxd4 e5 7. Nf3 Qxd1+ 8. Kxd1 Nc6 9. Nb5 Kd8 10. Ng5 Nh6 11. Ne4 Bf5 12.
Ned6 Bxd6 13. Nxd6 Ke7 14. Nxf5+ Nxf5 15. e3 Rad8+ 16. Bd2 Rd7 17. Ke1 Rhd8 18. Bc3 e4 19. Be2 Nh4 20. Rg1 f6 21.
Rd1 Ng6 22. Rxd7+ Rxd7 23. Bb5 Rc7 24. f3 f5 25. f4 a6 26. Be2 b5 27. a3 Ke6 28. Kf2 Nge7 29. g4 g6 30. gxf5+ Nxf5 31.
Bg4 Nce7 32. h4 Nd5 33. Bxf5+ gxf5 34. Rg7 Rxg7 35. Bxg7 b4 36. h5 b3 37. Bd4 Kd6 38. Kg3 Kc6 39.
h6 Kb5 40. Kh4 Kc4 41. Kg5 Kd3 42. Kxf5 Nxe3+ 43. Bxe3 Kxe3 44. Kg5 Kd3 45. f5 e3 46. f6 e2 47. f7 e1=Q 48. f8=Q Qg3+ 49.
Kh5 Qg6+ 50. Kh4 Kc2 51. Qg7 Qe4+ 52. Kg3 Kb1 53. Kf2 Ka2 54. Kg3 Qb1 55. Kf4 Qc1+ 56. Ke5 Qxb2+ 57. Ke6 Qe2+ 58.
Kd7 Qb5+ 59. Kd6 b2 60. Qxh7 b1=Q 61. Qg8+ Q5b3 62. h7 Q1d3+ 63. Ke5 Kxa3 64. Qf8+ Qb4 65. h8=Q Qde4+ 66. Kf6 Qf4+ 67. Kg7 Qfxf8+ 0-1

[Event "Kwalificatie NJK A Groningen"]
[Site "Hoogkerk, Netherlands"]
[Date "2023.02.19"]
[Round "6.9"]
[White "Jovanovic, Luka"]
[Black "Staal, Ryan"]
[Result "1/2-1/2"]
[TimeControl "55 min. + 10 sec./zet"]
[WhiteElo "1593"]
[BlackElo "1911"]

1. d4 d5 2. Nf3 Bf5 3. Bf4 e6 4. e3 Nf6 5. c4 c6 6. Qb3 Qb6 7. Nc3 Qxb3 8. axb3 Nbd7 9. c5 Be7 10.
b4 O-O 11. Be2 a6 12. O-O Ne4 13.
Ra3 Bg4 14. Rfa1 Ra7 15. b5 Bxf3 16.
gxf3 Nxc3 17. bxc3 cxb5 18. Bxb5 Nf6 19. Rb3 Rfa8 20. Ba4 Nh5 21. Bc7 Rc8 22. Bb6 Raa8 23. Bd7 Rf8 24. Ba5 Bd8 25.
Rxb7 Nf6 26. Bxd8 Rfxd8 27. c6 Nxd7 28. cxd7 Kf8 29. e4 Ke7 30. exd5 exd5 31. Rb6 Rxd7 32. Raxa6 Rxa6 33. Rxa6 Rc7 34.
Ra3 Kf6 35. Kg2 Kf5 36. Kg3 Rc6 37. h4 Rg6+ 38. Kh3 Kf4 39. Ra5 Rd6 40. Ra7 Rf6 41. Rd7 Rf5 42. Kg2 g6 43. Re7 Rf6 44.
Rc7 Kf5 45. Kg3 h5 46. Re7 Rc6 47. Re5+ Kf6 48. Rxd5 Rxc3 49. Kf4 Rc2 50. Kg3 Rc3 51. Re5 Rd3 52. Re4 Kf5 53. Kg2 Ra3 54.
Re3 Ra5 55. Kg3 Rd5 56. Rd3 f6 57. Rd1 g5 58. Rd2 Rd7 59. d5 Ke5 60. d6 Rxd6 61. Rxd6 Kxd6 62. hxg5 fxg5 63. f4 gxf4+ 64. Kxf4 h4 65. Kg4 Ke5 66. f3 h3 67. Kxh3 Kf4 68. Kg2 Kf5 69. Kg3 Kg5 70. f4+ Kf5 71. Kf3 Kf6 72. Kg4 Kg6 73. f5+ Kf6 74. Kf4 Kf7 75. Ke5 Ke7 76. f6+ Kf7 77. Kf5 Kf8 78. Kg6 Kg8 79. Kh6 Kf7 80. Kg5 Kf8 81. Kg6 Kg8 82. f7+ Kf8 83.
Kf6 1/2-1/2

[Event "Kwalificatie NJK A Groningen"]
[Site "Hoogkerk, Netherlands"]
[Date "2023.02.19"]
[Round "6.10"]
[White "Buijnsters, Floris"]
[Black "Venema, Katja"]
[Result "1/2-1/2"]
[TimeControl "55 min. + 10 sec./zet"]
[WhiteElo "1746"]
[BlackElo "1683"]

1. e4 e6 2. d4 d5 3. Nd2 c5 4. exd5 Qxd5 5. Ngf3 Nc6 6. Bc4 Qd8 7. dxc5 Bxc5 8. O-O Nf6 9. Nb3 Qb6 10.
Nxc5 Qxc5 11. b3 O-O 12. Bb2 e5 13. Qe2 Re8 14. Ng5 Re7 15. Ne4 Nxe4 16. Qxe4 Be6 17. Bxe6 Rxe6 18. Rfd1 Rf6 19.
Qe2 Nd4 20. Bxd4 exd4 21. Qd3 Rd8 22. Rd2 g6 23. a4 Re6 24. Rad1 Rde8 25. f3 Rd8 26. Qb5 Qxb5 27. axb5 Rc8 28.
Rc1 Re3 29. Rxd4 Rxb3 30. c4 Rxb5 31. Ra1 Rb4 32. Rxa7 Kg7 33. Rd7 Rcxc4 34. Raxb7 Rxb7 1/2-1/2

[Event "Kwalificatie NJK A Groningen"]
[Site "Hoogkerk, Netherlands"]
[Date "2023.02.19"]
[Round "7.1"]
[White "Goudriaan, Rafael"]
[Black "Moskalets, Sofia"]
[Result "1-0"]
[TimeControl "55 min. + 10 sec./zet"]
[WhiteElo "1882"]
[BlackElo "1675"]

1. e4 c5 2. Nf3 Nc6 3. Bb5 e5 4. O-O Bd6 5. c3 a6 6. Be2 Qc7 7. a4 Nge7 8. Na3 Na5 9. Nc4 Nxc4 10.
Bxc4 h6 11. d3 Rb8 12. a5 O-O 13. Nh4 Qc6 14. Nf5 Nxf5 15. Bd5 Qc7 16. exf5 Be7 17. Qf3 Qd6 18. Ra4 b6 19. Rg4 Kh8 20.
Re1 Qf6 21. Qh3 d6 22. Bg5 Qxf5 23. Bxe7 Qxg4 24. Bxf8 Qxh3 25. gxh3 Bxh3 26. Bxd6 Rd8 27. axb6 Rxd6 28. b7 Rb6 29. Rxe5 Be6 30. Be4 Rxb2 31.
Rxc5 f5 32. Rc8+ Kh7 33. Bf3 Rxb7 34. Bxb7 Bxc8 35. Bxc8 1-0

[Event "Kwalificatie NJK A Groningen"]
[Site "Hoogkerk, Netherlands"]
[Date "2023.02.19"]
[Round "7.3"]
[White "Slagboom, Leandro"]
[Black "Den Heijer, Rolinde"]
[Result "1-0"]
[TimeControl "55 min. + 10 sec./zet"]
[WhiteElo "2201"]
[BlackElo "1831"]

1. e4 c5 2. Nf3 d6 3. d4 cxd4 4. Nxd4 Nf6 5. Nc3 a6 6. Be2 e5 7. Nb3 Be7 8. Be3 Be6 9. O-O O-O 10.
Bf3 Nbd7 11. a4 Qc7 12. a5 Rac8 13. Re1 Rfd8 14. h3 Nf8 15. Bb6 Qc6 16. Bxd8 Rxd8 17. Nd5 Qd7 18. Nd2 Nxd5 19.
exd5 Bf5 20. Bg4 Ng6 21. c4 Nf4 22. Ne4 Bxg4 23. hxg4 f5 24. gxf5 Qxf5 25. Ra3 h5 26. b4 h4 27.
Qf3 Qg6 28. Kh2 Rf8 29. c5 Kh8 30. Nxd6 Bxd6 31. cxd6 Qxd6 32. Qe4 Ng6 33. Rf3 Rxf3 34. gxf3 Qf6 35. Rd1 Nf4 36. d6 Qg5 37.
Rg1 Qf6 38. d7 Qd6 39. d8=Q+ Qxd8 40. Qxe5 1-0

[Event "Kwalificatie NJK A Groningen"]
[Site "Hoogkerk, Netherlands"]
[Date "2023.02.19"]
[Round "7.4"]
[White "Adams, Oscar"]
[Black "Van Kuijk, Vadim"]
[Result "0-1"]
[TimeControl "55 min. + 10 sec./zet"]
[WhiteElo "1729"]
[BlackElo "2023"]

1. f4 d5 2. Nf3 Nf6 3. b3 Bf5 4. e3 e6 5. Bb2 h6 6. Be2 Nbd7 7. a4 Be7 8. O-O O-O 9. Ne5 Nxe5 10.
Bxe5 Nd7 11. Bb2 Bf6 12. Nc3 d4 13. exd4 Bxd4+ 14. Kh1 Nf6 15. Bf3 c6 16. d3 Qa5 17. Qe1 Bg4 18. h3 Bxf3 19.
Rxf3 Rfe8 20. Rb1 Re7 21. Qd2 e5 22. Ne4 Qxd2 23. Nxd2 Bxb2 24. Rxb2 exf4 25. Rxf4 Re2 26. Nf3 Rae8 27.
Nd4 Re1+ 28. Kh2 Rd1 29. Nf5 Rd2 30. Ng3 Re5 31. Nf1 Rd1 32. Rf2 Ree1 33. Ng3 h5 34. Nf5 g6 35. Nh4 g5 36.
Nf3 Rh1+ 37. Kg3 h4+ 0-1

[Event "Kwalificatie NJK A Groningen"]
[Site "Hoogkerk, Netherlands"]
[Date "2023.02.19"]
[Round "7.5"]
[White "Knol, DaniÃ«l"]
[Black "De Vries, Arjan"]
[Result "0-1"]
[TimeControl "55 min. + 10 sec./zet"]
[WhiteElo "1807"]
[BlackElo "1645"]

1. e4 e5 2. Nf3 Nf6 3. Nxe5 d6 4. Nf3 Nxe4 5. d4 d5 6. Bd3 c5 7. O-O cxd4 8. Nxd4 Bd6 9. Re1 O-O 10.
Bxe4 dxe4 11. Rxe4 Nc6 12. Nc3 Qf6 13. Nxc6 bxc6 14. Re1 Rd8 15. Qh5 Bf4 16. Bxf4 Qxf4 17. Qe5 Qxe5 18. Rxe5 Be6 19. Ne4 Rd5 20. Rxd5 Bxd5 21.
Nc3 Be6 22. Rd1 Kf8 23. Kf1 Re8 24. f4 Ke7 25. Kf2 h5 26. a3 Bf5 27. Rd2 Rd8 28. Ke3 Rb8 29. b3 Re8 30. Ne2 Kf6+ 31.
Kd4 Be4 32. Nc3 Kf5 33. Nxe4 Rxe4+ 34. Kc5 Re6 35. b4 f6 36. g3 Kg4 37. Rd7 g5 38. fxg5 fxg5 39. Rxa7 Re2 40. c4 Rxh2 41.
Kxc6 Kxg3 42. b5 h4 43. b6 h3 44.
Rh7 Rc2 45. b7 Rxc4+ 46. Kd5 0-1

[Event "Kwalificatie NJK A Groningen"]
[Site "Hoogkerk, Netherlands"]
[Date "2023.02.19"]
[Round "7.6"]
[White "Van Den Berg, Leon"]
[Black "Jacobs, Yanick"]
[Result "1-0"]
[TimeControl "55 min. + 10 sec./zet"]
[WhiteElo "1766"]
[BlackElo "1652"]

1. e4 e6 2. d4 d5 3. exd5 exd5 4. h3 Bf5 5. Nf3 Bd6 6. Bd3 Bxd3 7. Qxd3 c6 8. O-O Ne7 9. Bg5 O-O 10.
Nbd2 f6 11. Bh4 Qc7 12. Rfe1 Ng6 13.
c4 dxc4 14. Nxc4 Nxh4 15. Nxh4 Be7 16. Nf5 Bb4 17. Re4 b5 18. a3 bxc4 19. Qxc4+ Qf7 20. Qxb4 Re8 21. Nd6 1-0

[Event "Kwalificatie NJK A Groningen"]
[Site "Hoogkerk, Netherlands"]
[Date "2023.02.19"]
[Round "7.7"]
[White "Staal, Ryan"]
[Black "Bon, Gijs"]
[Result "0-1"]
[TimeControl "55 min. + 10 sec./zet"]
[WhiteElo "1911"]
[BlackElo "1669"]

1. e4 c6 2. d4 d5 3. exd5 cxd5 4.
Nc3 Nc6 5. Nf3 Bg4 6. Bb5 e6 7. h3 Bxf3 8. Qxf3 Bd6 9. O-O Nge7 10. Be3 a6 11. Ba4 b5 12. Bb3 O-O 13. Rfd1 Qb6 14.
a3 Na5 15. Bg5 Nxb3 16. Nxd5 Nxd5 17. Qxb3 Rac8 18. c3 Rc4 19. Rd3 Rfc8 20. Qd1 a5 21. Qg4 b4 22. Bh6 Bf8 23. Bxg7 f5 24.
Qg5 Bxg7 25. Rg3 Qb7 0-1

[Event "Kwalificatie NJK A Groningen"]
[Site "Hoogkerk, Netherlands"]
[Date "2023.02.19"]
[Round "7.8"]
[White "ToxopÃ©us, Carsten"]
[Black "Nitrauw, Peter"]
[Result "1/2-1/2"]
[TimeControl "55 min. + 10 sec./zet"]
[WhiteElo "1674"]
[BlackElo "1763"]

1. d4 Nf6 2. c4 g6 3. Nc3 d5 4. Bf4 Bg7 5. Qb3 c6 6. Nf3 O-O 7. e3 dxc4 8. Bxc4 Qb6 9. O-O c5 10.
dxc5 Qxb3 11. Bxb3 Nc6 12. Ne5 Nxe5 13. Bxe5 Bf5 14. Nd5 Nxd5 15. Bxg7 Kxg7 16. Bxd5 Rac8 17. Rac1 Rc7 18. b4 1/2-1/2

[Event "Kwalificatie NJK A Groningen"]
[Site "Hoogkerk, Netherlands"]
[Date "2023.02.19"]
[Round "7.9"]
[White "Lee, Jungbin"]
[Black "Buijnsters, Floris"]
[Result "1/2-1/2"]
[TimeControl "55 min. + 10 sec./zet"]
[WhiteElo "1640"]
[BlackElo "1746"]

1. d4 d5 2. c4 e6 3. Nc3 Nf6 4. Bg5 Be7 5. e3 O-O 6. Nf3 h6 7. Bh4 Ne4 8. Bxe7 Qxe7 9. cxd5 Nxc3 10.
bxc3 exd5 11. Bd3 Nd7 12. Qb3 c6 13. Rc1 b5 14. O-O Nf6 15. Ne5 Qd6 16. f3 Be6 17. Kh1 Nd7 18. Nxd7 Qxd7 19.
Qc2 f5 20. e4 fxe4 21. fxe4 dxe4 22. Bxe4 Bd5 23. Rf3 Bxe4 24. Qxe4 Rxf3 25. Qxf3 Rf8 26. Qe3 Qf7 27. h3 Qxa2 28.
Re1 Qd5 29. Qg3 Rf7 30. Re5 Qc4 31. Rc5 Qe6 32. Re5 Qc4 33. Rc5 Qf1+ 34. Kh2 Qf6 35. Qb8+ Kh7 36. Qc8 Qd6+ 37. Kg1 Rc7 38.
Qa8 1/2-1/2

[Event "Kwalificatie NJK A Groningen"]
[Site "Hoogkerk, Netherlands"]
[Date "2023.02.19"]
[Round "7.10"]
[White "Jovanovic, Luka"]
[Black "Van Den Berg, Mees"]
[Result "0-1"]
[TimeControl "55 min. + 10 sec./zet"]
[WhiteElo "1593"]
[BlackElo "1702"]

1. d4 d5 2. c4 c6 3. Nf3 Nf6 4. Nc3 a6 5. cxd5 cxd5 6. Bg5 Nc6 7. e3 Ne4 8. Nxe4 dxe4 9. Nd2 Qa5 10.
Bf4 Bf5 11. Be2 e5 12. dxe5 Rd8 13. Qc2 Rxd2 14. b4 Bxb4 15. Qc1 0-1

[Event "Kwalificatie NJK A Groningen"]
[Site "Hoogkerk, Netherlands"]
[Date "2023.02.19"]
[Round "7.11"]
[White "Lankester, Felix"]
[Black "Pijls, Coun"]
[Result "1/2-1/2"]
[TimeControl "55 min. + 10 sec./zet"]
[WhiteElo "1600"]
[BlackElo "1651"]

1. Nf3 Nf6 2. d4 g6 3. g3 Bg7 4. Bg2 d5 5. c4 c6 6. Bf4 Bf5 7. Qc1 Nbd7 8. O-O O-O 9. Bh6 Rc8 10. Re1 dxc4 11. Bxg7 Kxg7 12. a4 c5 13. Qxc4 Nb6 14. Qb5 cxd4 15. Nbd2 Re8 16. a5 Bd7 17. Qb4 Nbd5 18. Qxd4 a6 19. e4 e5 20. Nxe5 Nc7 21. Nxd7 Qxd7 22. Qxd7 Nxd7 23. Rac1 Ne5 24. Bh3 Rcd8 25. Red1 Nb5 26. Nb3 Rxd1+ 27. Rxd1 Nc4 28. Rd7 Rxe4 29. Nc5 Re1+ 30. Kg2 Kf6 31. Rxb7 Nxa5 32. Rb6+ Kg7 33. Nxa6 Nd4 34. b4 Nc4 35. Rb8 Rb1 36. Bd7 Rb2 37. g4 Ne5 38. Nc5 Nxd7 39. Nxd7 Nc6 40. Rb6 Nxb4 41. Nc5 Nd3 42. Rxb2 Nxb2 43. h4 1/2-1/2